 Dungeon Crawl Stone Soup version 0.28.0-47-ge53b351184 (webtiles) character file.

Game seed: 16015327592750673519

195 Kaptain the Digger (level 5, -3/30 HPs)
             Began as a Deep Elf Earth Elementalist on Apr 26, 2022.
             Slain by a river rat (6 damage)
             ... in a sewer.
             The game lasted 00:06:01 (2844 turns).

Kaptain the Digger (Deep Elf Earth Elementalist)    Turns: 2844, Time: 00:06:02

Health: -3/30      AC:  5    Str:  2 (5)  XL:     5   Next: 45%
Magic:  6/13       EV: 13    Int: 21 (22) God:
Gold:   84         SH:  0    Dex: 13 (15) Spells: 8/12 levels left

rFire   + . .      SeeInvis .   e - +2 dagger (speed)
rCold   . . .      Faith    .   (no shield)
rNeg    . . .      Spirit   .   h - +2 robe {Will+}
rPois   .          Reflect  .   (no helmet)
rElec   .          Harm     .   (no cloak)
rCorr   .          Rampage  .   l - +0 pair of gloves
Will    +....      Rage     1%  (no boots)
Stlth   ++........              (no amulet)
HPRegen 0.10/turn               (no ring)
MPRegen 0.13/turn               (no ring)

@: no status effects
A: berserk 1, fire resistance 1
a: no special abilities


You were in a sewer.
You visited 1 branch of the dungeon, and saw 3 of its levels.
You also visited: Sewer.

You collected 84 gold pieces.

Inventory:

Hand Weapons
 e - a +2 dagger of speed (weapon)
 k - a +0 hunting sling
Armour
 h - a +2 robe of willpower (worn)
 l - a +0 pair of gloves (worn)
Scrolls
 a - 4 scrolls of identify {unknown}
 b - 2 scrolls of vulnerability {unknown}
 d - 2 scrolls of blinking {unknown}
 f - 2 scrolls of fog {unknown}
 j - a scroll of immolation {unknown}
 m - a scroll of fear {unknown}
Potions
 g - 5 potions of flight
 i - a potion of lignification


   Skills:
 * Level 1.9 Fighting
 + Level 1.0 Armour
 + Level 3.2 Dodging
 + Level 3.1 Stealth
 * Level 4.1 Spellcasting
 * Level 1.7 Conjurations
 - Level 1.1 Transmutations
 * Level 4.1 Earth Magic


You had 8 spell levels left.
You knew the following spells:

 Your Spells              Type           Power      Damage    Failure   Level
a - Sandblast             Erth           42%        2d11      2%          1
b - Stone Arrow           Conj/Erth      32%        3d9       11%         3

Your spell library contained the following spells:

 Spells                   Type           Power      Damage    Failure   Level
 Passwall                 Tmut/Erth      12%        N/A       6%          2
 Animate Skeleton         Necr           8%         N/A       12%         1
 Apportation              Tloc           8%         N/A       12%         1
 Summon Small Mammal      Summ           16%        N/A       12%         1
 Petrify                  Tmut/Erth      15%        N/A       38%         4


Dungeon Overview and Level Annotations

Branches:
Dungeon (3/15)              Sewer (1/1)

Altars:


Innate Abilities, Weirdness & Mutations

You tend to lose your temper in combat.
Your flesh is heat resistant. (rF+)


Message History

Aim: a river rat (78% to hit)
The blast of sand hits the river rat!
The river rat is almost dead.
c - 3 stones The river rat completely misses you.
The river rat bites you.
The river rat bites you but does no damage.
Casting: Sandblast (safe; 2% risk of failure)
Confirm with . or Enter, or press ? or * to list all spells.
Aiming: Sandblast (safe; 2% risk of failure)
Press: ? - help, Shift-Dir - straight line, f/p - river rat
Aim: a river rat (almost dead, 78% to hit)
The blast of sand hits the river rat but does no damage.
The river rat is almost dead.
c - 2 stones The river rat barely misses you.
The river rat bites you.
* * * LOW HITPOINT WARNING * * *
The river rat bites you!
* * * LOW HITPOINT WARNING * * *
Casting: Sandblast (safe; 2% risk of failure)
Confirm with . or Enter, or press ? or * to list all spells.
Aiming: Sandblast (safe; 2% risk of failure)
Press: ? - help, Shift-Dir - straight line, f/p - river rat
Aim: a river rat (almost dead, 78% to hit)
The blast of sand hits the river rat.
You kill the river rat!
c - a stone The river rat bites you.
* * * LOW HITPOINT WARNING * * *
The river rat barely misses you.
You feel better. The river rat bites you.
* * * LOW HITPOINT WARNING * * *
The river rat barely misses you.
Casting: Sandblast (safe; 2% risk of failure)
Confirm with . or Enter, or press ? or * to list all spells.
Aiming: Sandblast (safe; 2% risk of failure)
Press: ? - help, Shift-Dir - straight line, f - river rat
Aim: a river rat (78% to hit)
The blast of sand hits the river rat but does no damage.
You now have no stones remaining.
The river rat bites you.
You die...

################################
≈≈≈≈≈≈≈≈≈≈.≈≈.≈≈≈≈≈≈≈≈.≈≈≈..≈≈.≈
≈≈≈≈≈≈≈.≈≈≈≈≈≈≈≈≈≈≈≈≈≈≈≈≈≈≈≈≈≈≈≈
≈≈≈≈≈≈≈≈≈≈≈..≈≈≈≈≈≈≈≈≈≈.≈.≈≈≈≈≈≈
#######≈≈≈######################
#≈≈≈# ###### #≈≈≈# ....#
#≈≈≈#####r†#####+
#≈≈≈≈≈≈..@r......
#.≈≈≈≈≈≈.........
#≈≈≈#####++#####+ #.≈≈# ######
#.≈≈# .....###≈≈≈#####
......##≈≈≈≈≈≈≈≈
....####.≈.≈≈≈≈≈ ..### #≈≈≈≈≈≈.≈


You could see 2 river rats.

Vanquished Creatures
  Jessica (D:2)
  3 adders
  6 river rats (Sewer)
  A worm (Sewer)
  2 dart slugs (D:2)
  8 ball pythons
  8 bats
  3 endoplasms
  6 giant cockroaches
  4 hobgoblins (D:2)
  6 jackals
  8 kobolds
  3 quokkas
  5 frilled lizards
  12 goblins
  4 rats
80 creatures vanquished.

Notes
Turn   | Place    | Note
-------+----------+-------------------------------------------
     0 | D:1      | Kaptain the Deep Elf Earth Elementalist began the quest for
                  | the Orb.
     0 | D:1      | Reached XP level 1. HP: 10/10 MP: 6/6
   241 | D:1      | Reached XP level 2. HP: 12/15 MP: 4/8
   514 | D:1      | Reached skill level 1 in Fighting
   605 | D:1      | Found a faded altar of an unknown god.
  1057 | D:2      | Reached XP level 3. HP: 20/20 MP: 9/9
  1061 | D:2      | Learned a level 3 spell: Stone Arrow
  1067 | D:2      | Noticed Jessica
  1070 | D:2      | Killed Jessica
  1071 | D:2      | Reached skill level 1 in Conjurations
  1272 | D:2      | Reached XP level 4. HP: 25/25 MP: 7/11
  1960 | D:3      | Found a glowing drain.
  1975 | Sewer    | Entered a sewer
  2116 | Sewer    | Reached skill level 1 in Armour
  2116 | Sewer    | Reached XP level 5. HP: 5/30 MP: 1/12
  2116 | Sewer    | Gained mutation: Your flesh is heat resistant. (rF+)
                  | [potion of mutation]
  2116 | Sewer    | Gained mutation: You tend to lose your temper in combat.
                  | [potion of mutation]
  2844 | Sewer    | Slain by a river rat

Illustrated notes

Levels and vault maps discovered:
D:1:      dpeg_arrival_long_road, layout_basic, ebering_ecumenical_altar_mist
D:2:      layout_basic, fountainhead, uniq_jessica, uniq_robin
D:3:      layout_basic, jmf_multi_god_temple, gup_sewer_entry_glass
Sewer:    sewer_fruit_machine

Skill      XL: |  1  2  3  4  5 |
---------------+----------------+-----
Fighting       | 1 |  1.9
Conjurations   | 1 |  1.7
Dodging        | 3 |  3.2
Stealth        | 3 |  3.1
Earth Magic    | 4 |  4.1
Armour         | 1 |  1.0
Spellcasting   | 4 |  4.1
Transmutations | |  1.1

Action                   |  1- 3 |  4- 6 || total
-------------------------+-------+-------++-------
Melee: Unarmed           |     1 |       ||     1
       Dagger            |    20 |    18 ||    38
       Whip              |    11 |       ||    11
       Punch             |       |     1 ||     1
Throw: Throwing net      |     1 |       ||     1
 Cast: Sandblast         |    38 |    64 ||   102
       Stone Arrow       |       |     6 ||     6
  Use: Potion            |       |     7 ||     7
 Stab: Sleeping          |     2 |     2 ||     4
Armor: Robe              |    17 |    13 ||    30
       Skin              |       |     5 ||     5
Dodge: Dodged            |    29 |    48 ||    77
